 Dungeon Crawl Stone Soup version 0.29-a0-1009-g60c99734e7 (webtiles) character file.

Game seed: 2467978741242628956

12231 flotson the Fighter (level 11, -4/86 HPs)
             Began as a Demonspawn Delver on Aug 9, 2022.
             Was an Initiate of Gozag.
             Slain by a troll simulacrum (15 damage)
             ... on level 11 of the Dungeon.
             The game lasted 00:20:40 (12593 turns).

flotson the Fighter (Demonspawn Delver)            Turns: 12593, Time: 00:20:41

Health: -4/86      AC: 20    Str: 17    XL:     11   Next: 59%
Magic:  0/11       EV: 14    Int: 11    God:    Gozag
Gold:   2518       SH:  0    Dex: 15    Spells: 10/10 levels left

rFire   . . .      SeeInvis .   a - +0 broad axe
rCold   . . .      Faith    .   (no shield)
rNeg    . . .      Spirit   +   I - +1 swamp dragon scales
rPois   +          Reflect  .   s - +1 helmet
rElec   .          Harm     .   D - +0 cloak
rCorr   .          Rampage  .   x - +0 pair of gloves
Will    .....                   u - +0 pair of boots
Stlth   ++........              (no amulet)
HPRegen 0.24/turn               P - +4 ring of slaying
MPRegen 0.24/turn               K - +4 ring of protection

@: no status effects
A: spiny 2, magic shield, magic regeneration, demonic touch 2
a: Renounce Religion, Potion Petition, Call Merchant, Bribe Branch


You were on level 11 of the Dungeon.
You worshipped Gozag.
Gozag was most pleased with you.
You visited 2 branches of the dungeon, and saw 12 of its levels.

You collected 2583 gold pieces.
You paid 65 gold pieces to Gozag.

Inventory:

Hand Weapons
 a - a +0 broad axe (weapon)
 b - a +0 longbow
 G - a +0 spear
 H - a +1 war axe of flaming
Missiles
 B - 39 poisoned darts (quivered)
 J - 6 atropa-tipped darts
 N - a curare-tipped dart
Armour
 s - a +1 helmet (worn)
 u - a +0 pair of boots (worn)
 x - a +0 pair of gloves (worn)
 D - a +0 cloak (worn)
 I - +1 swamp dragon scales (worn)
Jewellery
 K - a +4 ring of protection (right hand)
 P - a +4 ring of slaying (left hand)
Wands
 g - a wand of digging (3)
 E - a wand of polymorph (11)
Scrolls
 c - 4 scrolls of fog
 d - 2 scrolls of magic mapping
 e - a scroll of brand weapon {unknown}
 j - a scroll of identify
 l - 6 scrolls of enchant weapon
 n - 2 scrolls of teleportation
 o - 4 scrolls of amnesia {unknown}
 p - 2 scrolls of poison {unknown}
 q - 3 scrolls of noise {unknown}
 v - 4 scrolls of enchant armour
 y - 2 scrolls of blinking {unknown}
 C - a scroll of immolation {unknown}
 L - a scroll of silence {unknown}
 M - a scroll of vulnerability {unknown}
Potions
 f - 2 potions of haste
 h - 2 potions of invisibility
 i - 7 potions of curing
 k - a potion of resistance
 m - 4 potions of heal wounds
 r - 3 potions of might
 t - 4 potions of mutation
 z - a potion of berserk rage
 A - 2 potions of lignification
 F - a potion of cancellation {unknown}


   Skills:
 + Level 8.1 Fighting
 + Level 4.7(4.9) Axes
 - Level 1.7(3.5) Polearms
 + Level 6.6 Ranged Weapons
 - Level 6.0 Throwing
 + Level 6.8 Armour
 + Level 7.1 Dodging
 - Level 4.5 Stealth
 + Level 7.3 Evocations


You had 10 spell levels left.
You didn't know any spells.
Your spell library contained the following spells:

 Spells                   Type           Power      Damage    Failure   Level
 Beastly Appendage        Tmut           0%         N/A       52%         1
 Slow                     Hex            0%         N/A       52%         1
 Sublimation of Blood     Necr           0%         N/A       65%         2
 Wereblood                Tmut           0%         N/A       65%         2
 Call Canine Familiar     Summ           0%         N/A       87%         3
 Confusing Touch          Hex            0%         N/A       87%         3
 Gell's Gravitas          Tloc           0%         N/A       87%         3
 Lesser Beckoning         Tloc           0%         N/A       87%         3
 Portal Projectile        Hex/Tloc       0%         N/A       87%         3
 Spider Form              Tmut/Pois      0%         N/A       87%         3
 Teleport Other           Tloc           0%         N/A       87%         3
 Tukima's Dance           Hex            0%         N/A       87%         3
 Vampiric Draining        Necr           0%         2d6       87%         3
 Leda's Liquefaction      Hex/Erth       0%         N/A       99%         4
 Passage of Golubria      Tloc           0%         N/A       99%         4
 Petrify                  Tmut/Erth      0%         N/A       99%         4
 Blade Hands              Tmut           0%         N/A       100%        5
 Irradiate                Conj/Tmut      0%         3d11      100%        5
 Silence                  Hex/Air        0%         N/A       100%        5
 Lehudib's Crystal Spear  Conj/Erth      0%         10d2      100%        8


Dungeon Overview and Level Annotations

Branches:
Dungeon (11/15)            Temple (1/1) D:4            Lair (0/5) D:11
    Orc (0/2) D:9

Altars:
Cheibriados
Dithmenos
Gozag
Makhleb
Uskayaw
Vehumet
Yredelemnul

Portals:
Ice
Cave: D:11


Innate Abilities, Weirdness & Mutations

You are mostly covered in sharp spines.
When hurt, damage is shared between your health and your magic reserves.
You regenerate magic rapidly.
Your touch may inflict irresistible damage on your foes.


Message History

The arrow hits you. The basilisk gazes at you. You resist with some effort.
Unknown command.
Okay, then.
Okay, then.
The wyvern barely misses you. The yak is struck by your spines.
The yak gores you. The yak misses you.
The black bear attacks as you move away!
The black bear barely misses you.
The black bear claws you but does no damage.
The black bear closely misses you.
Found a frozen archway.
The centaur unwields a +0 shortbow.
The centaur closely misses you. The centaur misses you.
The basilisk bites you but does no damage.
A troll simulacrum and a naga simulacrum come into view.
The komodo dragon bites you but does no damage.
The centaur wields a +0 shortbow.
The centaur shoots an arrow.
The arrow misses you. The yak is struck by your spines. The yak gores you!
The basilisk misses you. The yak gores you but does no damage.
The naga simulacrum moves out of view.
The komodo dragon attacks as you move away!
The komodo dragon bites you! The yak attacks as you move away!
The yak gores you but does no damage.
Found 16 gold pieces.
A two-headed ogre simulacrum comes into view.
The basilisk is struck by your spines.
The basilisk bites you but does no damage.
Unknown command.
The basilisk attacks as you move away! The basilisk barely misses you.
The yak is struck by your spines. The yak gores you!
The yak attacks as you move away! The yak barely misses you.
The komodo dragon attacks as you move away!
The komodo dragon is struck by your spines.
The komodo dragon bites you!
* * * LOW HITPOINT WARNING * * *
The troll simulacrum bites you!
* * * LOW HITPOINT WARNING * * *
The troll simulacrum freezes you!
You die...
Your body crumbles into a pile of gold.

,,,,,,,,*#####....#######........
,,,,,,,,*#.............##........
,,,,,,,,*#..............#........
,,,,,,,,*#.....Yhc......#l......(
,,,,,,,,,+...YYY....####.Y...####
,,,,,,,,,#.....l#####*,..h.....**
,,,,,,,,,#....YY....#..P.....P..*
,,,,,,**,#......l.....P...l..PP..
,,,,,,**.......Z@....$....>...)..
,,,,,,**##.###..........,,,,,,,,,
,,,,,,,,...* #..∩Z.##...,,,,,,,,*
,,,,,***##** #.....#**..,,,,,,,**
,,,$,* #.Z...#***#,,,,,****
****,********#..#.##,,,,,,,,,,,,,
*,,,,,,,,,...,..,,*,,,,,,,,,,,
*******,,..##*##*,*,,,,,,,,,,*
*,,,,* *,*,,<,,,,,,,*


You could see a komodo dragon, 6 yaks, a basilisk, a naga simulacrum, a
two-headed ogre simulacrum and a troll simulacrum.

Vanquished Creatures
  2 two-headed ogres (D:9)
  Amaemon (D:8)
  Pikel (D:7)
  A deep elf pyromancer (D:8)
  An ugly thing (D:8)
  Joseph (D:10)
  Maggie (D:7)
  An orange demon (D:8)
  2 trolls
  A hornet (D:8)
  Grinder (D:4)
  Prince Ribbit (D:7)
  A wraith (D:11)
  14 yaks
  A wyvern (D:7)
  3 steam dragons
  An acid dragon (D:9)
  Menkaure (D:5)
  A water moccasin (D:9)
  3 orc warriors
  Duvessa (D:7)
  2 black bears
  An ice beast (D:6)
  A sky beast (D:8)
  An ogre (D:9)
  7 centaurs
  A lemure (D:7)
  A kobold brigand (D:8)
  A necrophage (D:5)
  3 gnoll sergeants (D:9)
  A bullfrog (D:6)
  A scorpion (D:6)
  Dowan (D:7)
  5 wights (D:7)
  21 killer bees
  A howler monkey (D:6)
  3 jellies
  2 gnoll boudas (D:9)
  7 hounds
  6 orc priests
  An iguana (D:6)
  Ijyb (D:5)
  16 orc wizards
  13 gnolls (D:9)
  8 adders
  2 white imps (D:7)
  An ufetubus (D:5)
  A worm (D:2)
  3 dart slugs
  64 orcs
  5 ball pythons
  8 endoplasms
  4 giant cockroaches
  12 goblins
  16 hobgoblins
  9 jackals
  13 kobolds
  6 quokkas
  3 bats
  2 frilled lizards
  7 rats
301 creatures vanquished.

Vanquished Creatures (others)
  6 plants (D:9)
6 creatures vanquished.

Grand Total: 307 creatures vanquished

Notes
Turn   | Place    | Note
-------+----------+-------------------------------------------
     0 | D:5      | flotson the Demonspawn Delver began the quest for the Orb.
     0 | D:5      | Reached XP level 1. HP: 18/18 MP: 1/1
    28 | D:5      | Noticed a jelly
    32 | D:4      | Noticed an orc priest
   478 | D:1      | Gained mutation: You are partially covered in sharp spines.
                  | [demonic ancestry]
   478 | D:1      | Reached XP level 2. HP: 19/24 MP: 2/2
  1101 | D:1      | Reached XP level 3. HP: 29/29 MP: 3/3
  1145 | D:1      | Reached skill level 1 in Evocations
  1377 | D:2      | Reached skill level 1 in Ranged Weapons
  1433 | D:2      | Reached skill level 1 in Armour
  1570 | D:2      | Gained mutation: Your touch may inflict minor irresistible
                  | damage on your foes. [demonic ancestry]
  1570 | D:2      | Reached XP level 4. HP: 29/35 MP: 4/4
  2002 | D:3      | Gained mutation: You regenerate magic rapidly. [demonic
                  | ancestry]
  2002 | D:3      | Reached XP level 5. HP: 42/42 MP: 5/5
  2736 | D:4      | Noticed Grinder
  2747 | D:4      | Killed Grinder
  2748 | D:4      | Reached skill level 4 in Fighting
  2748 | D:4      | Reached skill level 1 in Throwing
  2748 | D:4      | Gained mutation: When hurt, damage is shared between your
                  | health and your magic reserves. [demonic ancestry]
  2748 | D:4      | Reached XP level 6. HP: 33/48 MP: 6/6
  2860 | D:4      | Found a staircase to the Ecumenical Temple.
  2869 | Temple   | Entered the Ecumenical Temple
  2874 | Temple   | Became a worshipper of Gozag Ym Sagoz the Greedy
  3464 | D:5      | Noticed Ijyb
  3471 | D:5      | Killed Ijyb
  3472 | D:5      | Reached XP level 7. HP: 34/55 MP: 4/7
  4070 | D:5      | Noticed Menkaure
  4078 | D:5      | Killed Menkaure
  4406 | D:6      | Identified the +4 ring mail of Tuamoig {rF- rN+ Int+3}
  4429 | D:6      | Reached XP level 8. HP: 37/61 MP: 8/8
  4729 | D:5      | Reached skill level 5 in Fighting
  5377 | D:6      | Gained mutation: Your touch may inflict irresistible damage
                  | on your foes. [demonic ancestry]
  5377 | D:6      | Reached XP level 9. HP: 54/69 MP: 9/9
  5897 | D:7      | Reached skill level 5 in Dodging
  6251 | D:7      | Reached skill level 6 in Fighting
  6251 | D:7      | Reached skill level 1 in Axes
  6251 | D:7      | Reached skill level 5 in Evocations
  6501 | D:7      | Noticed Maggie
  6502 | D:7      | Noticed Duvessa
  6511 | D:7      | Killed Maggie
  6514 | D:7      | Noticed Dowan
  6515 | D:7      | Killed Duvessa
  6523 | D:7      | Killed Dowan
  6616 | D:7      | Reached skill level 5 in Armour
  6653 | D:7      | Reached skill level 5 in Ranged Weapons
  6991 | D:7      | Noticed Prince Ribbit
  6997 | D:7      | Killed Prince Ribbit
  7227 | D:7      | Noticed Pikel
  7248 | D:7      | Killed Pikel
  7249 | D:7      | Reached XP level 10. HP: 53/77 MP: 10/10
  7955 | D:8      | Reached skill level 5 in Throwing
  8125 | D:8      | Noticed an orange demon
  8144 | D:8      | Killed an orange demon
  8156 | D:8      | Noticed Amaemon
  8181 | D:7      | Reached skill level 7 in Fighting
  8572 | D:8      | Noticed a white ugly thing
  8572 | D:8      | Noticed a deep elf pyromancer
  8594 | D:8      | Killed a white ugly thing
  8948 | D:8      | Killed a deep elf pyromancer
  9140 | D:8      | Killed Amaemon
  9324 | D:9      | Gained mutation: You are mostly covered in sharp spines.
                  | [demonic ancestry]
  9324 | D:9      | Reached XP level 11. HP: 51/84 MP: 11/11
  9663 | D:9      | Noticed a two-headed ogre
  9673 | D:9      | Killed a two-headed ogre
  9984 | D:9      | Noticed a two-headed ogre
 10017 | D:9      | Killed a two-headed ogre
 10228 | D:9      | Identified the +2 robe of Surprise {rC+ rN+ MP+9 Stlth-}
 10424 | D:9      | Found a staircase to the Orcish Mines.
 10772 | D:9      | Found a radiant altar of Vehumet.
 11746 | D:10     | Entered Level 10 of the Dungeon
 11954 | D:10     | Noticed Joseph
 11966 | D:10     | Killed Joseph
 11967 | D:10     | Reached skill level 8 in Fighting
 12572 | D:11     | Found a staircase to the Lair.
 12573 | D:11     | Noticed a six-headed hydra
 12588 | D:11     | Found a frozen archway.
 12593 | D:11     | Slain by a troll simulacrum

Illustrated notes

Levels and vault maps discovered:
D:1:      beargit_arrival_diablo_church, layout_basic
D:2:      layout_rooms, minmay_fractal_squares_gapless_5
D:3:      layout_basic, chequers_serial_rivers_marsh
D:4:      layout_layer_cave, minmay_temple_entry_ruins, uniq_grinder
D:5:      layout_basic, uniq_ijyb, uniq_menkaure
D:6:      layout_rooms, minmay_fractal_squares_diagonal_5
D:7:      layout_loops_ring, chequers_arboretum, uniq_maggie, uniq_duvessa,
          uniq_pikel, uniq_prince_ribbit1
D:8:      kennysheep_big_flooded_room, layout_rooms, minitemple, uniq_amaemon
D:9:      kennysheep_housing_project, layout_basic, mainiacjoe_overflow_paths,
          hiddenorc2_lemuel
D:10:     layout_irregular_city, minmay_sticks_and_stones
D:11:     layout_basic, david_lair_generic, portal_ice_cave_entry_ice_simulacra,
          lemuel_old_faithful
Temple:   hellmonk_temple_of_storms

Skill      XL: |  1  2  3  4  5  6  7  8  9 10 11 |
---------------+----------------------------------+-----
Dodging        | 2 3 4 5 6 7 |  7.1
Evocations     | 1 2 3 4 5 6 7 |  7.3
Ranged Weapons | 1 2 3 4 5 6 |  6.6
Armour         | 1 2 3 4 5 6 |  6.8
Fighting       | 4 5 6 7 8 |  8.1
Throwing       | 1 2 3 4 5 6 |  6.0
Axes           | 2 3 4 |  4.7
Polearms       | |  1.7
Stealth        | |  4.5

Action                   |  1- 3 |  4- 6 |  7- 9 | 10-12 || total
-------------------------+-------+-------+-------+-------++-------
Melee: Spear             |       |       |     4 |       ||     4
       Broad axe         |       |       |     7 |   167 ||   174
       Touch             |       |       |     2 |    36 ||    38
 Fire: Longbow           |    91 |   118 |   258 |   114 ||   581
Throw: Dart              |       |       |       |    11 ||    11
Evoke: Wand              |       |       |    16 |     1 ||    17
  Use: Scroll            |     1 |       |       |    12 ||    13
       Potion            |       |       |       |     2 ||     2
Armor: Leather armour    |     7 |       |       |       ||     7
       Scale mail        |    15 |    38 |    30 |       ||    83
       Ring mail         |       |       |    62 |       ||    62
       Swamp dragon scal |       |       |    14 |   163 ||   177
Dodge: Dodged            |    36 |    32 |   110 |   258 ||   436

Table legend: (Time is in decaauts)
 A = Elapsed time spent in this place.
 B = Non-inter-level travel time spent in this place.
 C = Inter-level travel time spent in this place.
 D = Time resting spent in this place.
 E = Time spent auto-exploring this place.
 F = Levels seen in this place.
 G = Mean time per level.
                   A        B        C        D        E       F      G
               +--------+--------+--------+--------+--------+-----+--------+
         Total |  13031 |  12508 |    523 |    635 |   9683 |  12 | 1085.9 |
       Dungeon |  13021 |  12503 |    518 |    635 |   9683 |  11 | 1183.7 |
        Temple |     10 |      5 |      5 |      0 |      0 |   1 |   10.0 |
               +--------+--------+--------+--------+--------+-----+--------+

Top non-repeatable levels by time:
     D:9: 2529 daAuts
     D:7: 2222 daAuts
     D:5: 1495 daAuts
     D:8: 1316 daAuts
     D:6: 1057 daAuts
     D:3: 1045 daAuts
     D:4: 1016 daAuts
     D:1: 848 daAuts
    D:10: 731 daAuts
     D:2: 625 daAuts
    D:11: 131 daAuts
  Temple: 10 daAuts
